 Dungeon Crawl Stone Soup version 0.28-a0-909-g796cbd3a86 (webtiles) character file.

Game seed: 15577369363093247499

79 BinkBink the Skirmisher (level 4, -1/37 HPs)
             Began as a Formicid Monk on Nov 25, 2021.
             Slain by a gnoll (7 damage)
             ... on level 2 of the Dungeon.
             The game lasted 00:02:24 (1559 turns).

BinkBink the Skirmisher (Formicid Monk)             Turns: 1559, Time: 00:02:25

Health: -1/37      AC:  2    Str: 16    XL:     4   Next: 64%
Magic:  4/4        EV: 13    Int: 10    God:
Gold:   64         SH:  0    Dex: 13    Spells: 3/3 levels left

rFire   . . .      SeeInvis +   d - +2 whip (venom)
rCold   . . .      Faith    .   (no shield)
rNeg    . . .      Spirit   .   b - +0 robe
rPois   .          Reflect  .   (helmet unavailable)
rElec   .          Harm     .   (no cloak)
rCorr   .          Rampage  .   (no gloves)
Will    .....                   (no boots)
Stlth   ++........              (no amulet)
HPRegen 0.12/turn               (no ring)
MPRegen 0.09/turn               (no ring)

@: no status effects
A: permanent stasis, dig shafts and tunnels, antennae 3, four strong arms
a: Dig, Shaft Self


You were on level 2 of the Dungeon.
You visited 1 branch of the dungeon, and saw 2 of its levels.

You collected 64 gold pieces.

Inventory:

Hand Weapons
 a - a +0 falchion
 d - a +2 whip of venom (weapon)
 l - a +0 long sword
Armour
 b - a +0 robe (worn)
Jewellery
 j - an amulet of magic regeneration
Scrolls
 c - a scroll of teleportation {unknown}
 e - a scroll of identify {unknown}
 f - a scroll of enchant weapon {unknown}
 g - a scroll of immolation {unknown}
 h - 3 scrolls of blinking {unknown}
 i - a scroll of magic mapping {unknown}
 k - 2 scrolls of enchant armour {unknown}


   Skills:
 + Level 3.9 Fighting
 - Level 3.3 Long Blades
 * Level 1.7 Maces & Flails
 * Level 1.3 Armour
 + Level 3.2 Dodging
 - Level 2.4 Stealth


You had 3 spell levels left.
You didn't know any spells.
Your spell library was empty.

Dungeon Overview and Level Annotations

Branches:
Dungeon (2/15)

Altars:


Innate Abilities, Weirdness & Mutations

You cannot be hasted, slowed, berserked, paralysed or teleported.
You can dig through walls and to a lower floor.
You have a pair of large antennae on your head. (SInv)
Your four strong arms can wield two-handed weapons with a shield.


Message History

The hobgoblin barely misses you.
You barely miss the hobgoblin.
The hobgoblin is almost dead.
The hobgoblin closely misses you.
You hit the hobgoblin.
You kill the hobgoblin!
The jackal barely misses you.
You hit the jackal.
The jackal is severely wounded.
The jackal bites you.
You hit the jackal.
You kill the jackal!
You hit the gnoll.
The gnoll is moderately wounded.
The gnoll barely misses you.
You barely miss the gnoll.
The gnoll is moderately wounded.
The gnoll barely misses you.
You hit the gnoll.
The gnoll is severely wounded.
The gnoll hits you with a +0 whip!
You are too injured to fight recklessly!
You are too injured to fight recklessly!
You are too injured to fight recklessly!
You hit the gnoll but do no damage.
The gnoll is severely wounded.
The gnoll barely misses you.
You hit the gnoll.
You kill the gnoll!
You closely miss the gnoll. The gnoll hits you with a +0 whip.
You barely miss the gnoll. The gnoll hits you with a +0 whip.
* * * LOW HITPOINT WARNING * * *
You hit the gnoll.
The gnoll is lightly wounded.
The gnoll hits you with a +0 whip.
* * * LOW HITPOINT WARNING * * *
You hit the gnoll.
The gnoll is poisoned.
The gnoll is heavily wounded.
The gnoll hits you with a +0 whip!
You die...

###.......# #.........#
####.#.......#
########....#.......#
...........####..########
###.[..##### #.##.....>.
...........####.# ....[..
##########......##...(...
.# ###....@g....... .###
##.####....... ...## #..
....... .#..# #..#
....... ....##### #.#
....... ###.†...# #.#
....(.. #.....##..#.
....(.. ####..<.....
####### ##.......###


You could see a gnoll (very poisoned).

Vanquished Creatures
  2 gnolls (D:2)
  2 dart slugs (D:1)
  5 ball pythons
  3 bats
  3 endoplasms
  3 giant cockroaches
  5 goblins (D:1)
  5 hobgoblins
  6 jackals (D:2)
  4 quokkas (D:1)
  4 frilled lizards
  6 kobolds (D:1)
  3 rats (D:1)
51 creatures vanquished.

Notes
Turn   | Place    | Note
-------+----------+-------------------------------------------
     0 | D:1      | BinkBink the Formicid Monk began the quest for the Orb.
     0 | D:1      | Reached XP level 1. HP: 18/18 MP: 1/1
    45 | D:1      | Reached XP level 2. HP: 21/24 MP: 2/2
   497 | D:1      | Reached XP level 3. HP: 24/30 MP: 3/3
  1240 | D:2      | Reached skill level 1 in Maces & Flails
  1261 | D:2      | Reached skill level 1 in Armour
  1299 | D:2      | Reached XP level 4. HP: 24/37 MP: 4/4
  1559 | D:2      | Slain by a gnoll

Illustrated notes

Levels and vault maps discovered:
D:1:      dpeg_arrival_ternary, layout_loops_ring, chequers_mini_garden,
          hangedman_abyss_or_decor_lesser_grid
D:2:      layout_rooms, basic_altar, nicolae_ecumenical_snake_handling

Skill      XL: |  1  2  3 |
---------------+----------+-----
Dodging        | 3 |  3.2
Maces & Flails | 1 |  1.7
Armour         | 1 |  1.3
Fighting       | |  3.9
Long Blades    | |  3.3
Stealth        | |  2.4

Action                   |  1- 3 |  4- 6 || total
-------------------------+-------+-------++-------
Melee: Falchion          |    32 |       ||    32
       Whip              |    59 |    35 ||    94
 Stab: Sleeping          |     5 |       ||     5
Armor: Robe              |    15 |     2 ||    17
Dodge: Dodged            |    53 |    25 ||    78

Table legend: (Time is in decaauts)
 A = Elapsed time spent in this place.
 B = Non-inter-level travel time spent in this place.
 C = Inter-level travel time spent in this place.
 D = Time resting spent in this place.
 E = Time spent auto-exploring this place.
 F = Levels seen in this place.
 G = Mean time per level.
                   A        B        C        D        E       F      G
               +--------+--------+--------+--------+--------+-----+--------+
         Total |   1568 |   1541 |     27 |      0 |   1249 |   2 |  784.0 |
       Dungeon |   1568 |   1541 |     27 |      0 |   1249 |   2 |  784.0 |
               +--------+--------+--------+--------+--------+-----+--------+

Top non-repeatable levels by time:
     D:1: 1239 daAuts
     D:2: 328 daAuts
